 Dungeon Crawl Stone Soup version 0.31.0-2-g5a2aebc5c2 (webtiles) character file.

Game seed: 2857775574744186931

976 hito the Mimic (level 8, 0/58 HPs)
             Began as a Barachi Shapeshifter on Jan 20, 2024.
             Slain by a steam dragon (6 damage)
             ... on level 6 of the Dungeon.
             The game lasted 00:11:13 (5395 turns).

hito the Mimic (Barachi Shapeshifter)               Turns: 5395, Time: 00:11:14

Health: 0/58       AC:  1    Str: 17    XL:     8   Next: 16%
Magic:  9/9        EV: 16    Int: 12    God:
Gold:   102        SH:  0    Dex: 11    Spells: 5/9 levels left

rFire   . .          .
                       - Unarmed
rCold   . . .        (shield currently unavailable)
rNeg    . . .        a - melded +0 animal skin
rPois   .            (no helmet)
rElec   .            (no cloak)
rCorr   .            k - +0 pair of gloves
SInv    .            (no boots)
Will    .....        v - amulet of regeneration
Stlth   +            (no ring)
HPRegen 1.09/turn    (no ring)
MPRegen 0.11/turn

%: no passive effects
@: flux-form, glowing, slow
A: glow, contaminating, amphibious, slowness 1, strong legs 1, +LOS
a: Hop, Begin Untransformation


You were on level 6 of the Dungeon.
You were something dangerously unstable.
You visited 1 branch of the dungeon, and saw 6 of its levels.

You collected 312 gold pieces.
You spent 210 gold pieces at shops.

Inventory:

Missiles
 r - 4 silver javelins
Armour
 a - a +0 animal skin (melded)
 k - a +0 pair of gloves (worn)
 x - +0 steam dragon scales
 z - the orb "Vuexod" {*channel, -Tele +Inv rPois Alchemy}
   (You found it on level 5 of the Dungeon)

   rPois:     It protects you from poison +Inv: It lets you turn invisible.
   -Tele:     It prevents most forms of teleportation.
   Alchemy:   It increases the power of your Alchemy spells.
Jewellery
 v - an amulet of regeneration (around neck)
 y - a ring of positive energy
Talismans
 c - a beast talisman
 d - a flux talisman (active)
 l - a serpent talisman
Wands
 p - a wand of iceblast (3)
 q - a wand of quicksilver (7)
 s - a wand of flame (5)
Scrolls
 e - 3 scrolls of noise
 g - 2 scrolls of revelation {unknown}
 h - 3 scrolls of teleportation {unknown}
 i - 4 scrolls of identify {unknown}
 m - 2 scrolls of fear {unknown}
 n - a scroll of poison {unknown}
 o - a scroll of immolation {unknown}
 t - 4 scrolls of amnesia {unknown}
Potions
 b - a potion of lignification
 f - 2 potions of enlightenment {unknown}
 j - a potion of mutation {unknown}
 u - 2 potions of might
 w - a potion of haste {unknown}
 A - a potion of curing {unknown}


   Skills:
 - Level 3.0 Fighting
 - Level 2.1 Dodging
 - Level 3.2 Unarmed Combat
 - Level 1.0 Spellcasting
 - Level 2.2 Translocations
 + Level 9.1 Shapeshifting


You had 5 spell levels left.
You knew the following spells:

 Your Spells              Type           Power      Damage    Failure   Level
a - Manifold Assault      Tloc           6%         N/A       75%         4

Your spell library contained the following spells:

 Spells                   Type           Power      Damage    Failure   Level
 Mercury Vapours          Alch/Air       0%         N/A       41%         2
 Fugue of the Fallen      Necr           0%         N/A       65%         3
 Mephitic Cloud           Conj/Alch/Air  0%         N/A       65%         3
 Ozocubu's Armour         Ice            0%         N/A       65%         3
 Stone Arrow              Conj/Erth      0%         3d7       65%         3
 Animate Armour           Summ/Erth      0%         N/A       96%         4
 Freezing Cloud           Conj/Ice/Air   0%         6-21      100%        5
 Lehudib's Crystal Spear  Conj/Erth      0%         10d2      100%        8


Dungeon Overview and Level Annotations

Branches:
Dungeon (6/15)
 Temple: D:4-7

Altars:
Ashenzari
Hepliaklqana
Okawaru
Ru
Trog
Yredelemnul

Shops:
D:4 *   D:6 *

Annotations:
D:3 1 runed translucent door
D:4 exclusion: downstairs


Innate Abilities, Weirdness & Mutations

You are something dangerously unstable.
You glow with magical radiation, making you easy to see and hit.
Foes you strike become dangerously contaminated with magical radiation.
You are incapable of wielding weapons or throwing items.
You are amphibious.
You cover ground slowly.
You can hop short distances.
You have an extended range of vision and can be seen from far away.


Message History

It was a scroll of noise.
You hear a shout! x2; You hear an angry growl.
You hear an angry hiss. x2
You climb upwards.
There is a stone staircase leading down here.
As you open the door, it creaks loudly!
You can't go down here!
What level of the Dungeon? (default 5, ? - help)
Okay, then.
There is an open door here.
There is a stone staircase leading down here.
You climb downwards.
The steam dragon hisses angrily.
There is a stone staircase leading up here.
Found a pink potion.
Found a short sword and 18 gold pieces.
The steam dragon breathes steam at you. The ball of steam hits you!!
The steam dragon completely misses you. The steam dragon barely misses you.
You hit the steam dragon but do no damage.
The steam dragon begins to glow.
The steam dragon bites you! The steam dragon closely misses you.
You hit the steam dragon.
The steam dragon glows dangerously bright.
The steam dragon is lightly wounded.
The steam dragon breathes steam at you. The ball of steam hits you!
* * * LOW HITPOINT WARNING * * *
The steam dragon barely misses you. The steam dragon completely misses you.
You barely miss the steam dragon.
The steam dragon is lightly wounded.
The steam dragon closely misses you. The steam dragon completely misses you.
You hit the steam dragon.
The steam dragon shudders as magic cascades through it!
The steam dragon twists and deforms.
The steam dragon is heavily wounded.
The steam dragon breathes steam at you. The ball of steam hits you!
* * * LOW HITPOINT WARNING * * *
The steam dragon bites you.
You die...

######
##....##
#......#
..§§.###
##§§..#
#§§§..#
#.Dp.<#
#......#####
)......
#.!##.. ##
#$. ... ....
....


You could see a steam dragon (catching breath, misshapen).

Vanquished Creatures
  A steam dragon (D:5)
  An ice beast (D:6)
  2 ogres
  A phantom (D:4)
  A scorpion (D:5)
  A howler monkey (D:5)
  A hound (D:4)
  An orc priest (D:3)
  3 iguanas
  3 orc wizards
  9 adders
  A white imp (D:6)
  2 ribbon worms
  3 dart slugs
  10 orcs
  5 ball pythons
  6 bats
  2 endoplasms (D:2)
  3 giant cockroaches
  7 goblins
  5 hobgoblins
  6 jackals
  7 kobolds
  2 quokkas
  8 frilled lizards
  A jackal zombie (D:3)
  A kobold skeleton (D:3)
  6 rats
99 creatures vanquished.

Notes
Turn   | Place    | Note
-------+----------+-------------------------------------------
     0 | D:1      | hito the Barachi Shapeshifter began the quest for the Orb.
     0 | D:1      | Reached XP level 1. HP: 15/15 MP: 1/1
   153 | D:1      | Reached XP level 2. HP: 22/22 MP: 2/2
   887 | D:2      | Reached XP level 3. HP: 28/28 MP: 3/3
  1196 | D:2      | Found a faded altar of an unknown god.
  1233 | D:2      | Reached skill level 4 in Shapeshifting
  1548 | D:2      | Reached XP level 4. HP: 31/35 MP: 4/4
  2077 | D:3      | Found a bloodstained altar of Trog.
  2078 | D:3      | Found a sacrificial altar of Ru.
  2092 | D:3      | Found a runed translucent door.
  2092 | D:3      | Noticed a human
  2099 | D:3      | Found a basalt altar of Yredelemnul.
  2273 | D:3      | Found a hazy altar of Hepliaklqana.
  2428 | D:3      | Noticed an ogre
  2452 | D:3      | Killed an ogre
  2453 | D:3      | Reached skill level 1 in Spellcasting
  2453 | D:3      | Reached skill level 5 in Shapeshifting
  2453 | D:3      | Reached XP level 5. HP: 7/41 MP: 4/6
  2589 | D:3      | Learned a level 4 spell: Manifold Assault
  2845 | D:4      | Found Muowatt's Assorted Antiques.
  2850 | D:4      | Found an iron altar of Okawaru.
  2856 | D:4      | Bought a long glass wand for 88 gold pieces
  2856 | D:4      | Bought a scroll labelled CEIW SAG VYS for 22 gold pieces
  2856 | D:4      | Bought a scroll labelled FEFEXA HUNEGAI for 22 gold pieces
  2856 | D:4      | Bought a scroll labelled HOTA RISIU for 22 gold pieces
  2856 | D:4      | Bought a scroll labelled CEIW SAG VYS for 22 gold pieces
  2860 | D:4      | Noticed a phantom
  2874 | D:4      | Killed a phantom
  2875 | D:4      | Reached skill level 1 in Translocations
  2875 | D:4      | Reached XP level 6. HP: 28/47 MP: 7/7
  3017 | D:4      | Reached skill level 6 in Shapeshifting
  3211 | D:4      | Found a broken altar of Ashenzari.
  3348 | D:3      | Reached XP level 7. HP: 10/52 MP: 8/8
  3507 | D:4      | Reached skill level 7 in Shapeshifting
  3615 | D:4      | Bought a scroll labelled UCKAM QOACSU for 22 gold pieces
  4200 | D:5      | Entered Level 5 of the Dungeon
  4215 | D:5      | Noticed a steam dragon
  4352 | D:6      | Found Leophid's CLEARANCE SALE!.
  4354 | D:6      | Bought a potion of might for 12 gold pieces
  4483 | D:5      | Reached skill level 8 in Shapeshifting
  4837 | D:5      | Killed a steam dragon
  4838 | D:5      | Reached XP level 8. HP: 16/58 MP: 9/9
  5019 | D:5      | Identified the orb "Vuexod" {*channel, -Tele +Inv rPois
                  | Alchemy}
  5312 | D:5      | Reached skill level 9 in Shapeshifting
  5395 | D:6      | Slain by a steam dragon

Illustrated notes

Levels and vault maps discovered:
D:1:      dpeg_arrival_tiny_i, layout_basic,
          hangedman_abyss_or_decor_lesser_grid
D:2:      minmay_inner_zag, layout_basic, dreamdust_ecumenical_altar_statues
D:3:      minmay_spotlight, layout_loops_ring, mainiacjoe_overflow_divided_tiny,
          nicolae_hepliaklqana_hazy_memory, dk_yredelemnul_ordeal, st_stairs_12
D:4:      layout_basic, okawaru_gym_becter, ashenzari_conservatory_becter,
          serial_shops, nicolae_shop_tiny_statue_garden, grunt_ministairs_14,
          kennysheep_generic_room_13
D:5:      layout_loops_corners
D:6:      layout_cave_pools, mainiacjoe_overflow_alcove_1, lemuel_crystal_altar,
          chequers_serial_rivers_micro_b, nicolae_shop_clearance,
          uniq_prince_ribbit1

Skill      XL: |  1  2  3  4  5  6  7  8 |
---------------+-------------------------+-----
Fighting       | 2 3 |  3.0
Shapeshifting  | 4 5 6 8 9 |  9.1
Spellcasting   | 1 |  1.0
Translocations | 1 2 |  2.2
Dodging        | |  2.1
Unarmed Combat | |  3.2

Action                     |  1- 3 |  4- 6 |  7- 9 || total
---------------------------+-------+-------+-------++-------
  Melee: Unarmed           |    94 |   123 |   132 ||   349
         Punch             |     4 |     3 |     1 ||     8
Ability: Hop               |     1 |     1 |     2 ||     4
  Evoke: Wand              |       |     1 |     4 ||     5
    Use: Potion            |     1 |       |       ||     1
         Scroll            |       |       |     1 ||     1
   Stab: Sleeping          |       |       |     1 ||     1
 Armour: Animal skin       |    45 |    84 |    38 ||   167
         Skin              |     7 |       |    43 ||    50
  Dodge: Dodged            |    53 |    71 |    85 ||   209
   Form: Beast             |     1 |       |       ||     1
         Flux              |       |       |     1 ||     1
